 Dungeon Crawl Stone Soup version 0.17-a0-1946-gfb768fe (webtiles) character file.

269 HungrySpirit the Cutter (level 6, -2/44 HPs)
             Began as a Vampire Skald on Oct 1, 2015.
             Slain by Grinder (8 damage)
             ... on level 3 of the Dungeon.
             The game lasted 00:04:30 (1900 turns).

HungrySpirit the Cutter (Vampire Skald)             Turns: 1900, Time: 00:04:30

Health: -2/44      AC:  3    Str: 11    XL:     6   Next: 1%
Magic:  9/11       EV: 13    Int: 14    God:
Gold:   102        SH:  0    Dex: 20    Spells: 2 memorised, 8 levels left

rFire  + . .     SeeInvis +     a - +0 short sword
rCold  . . .     Clarity  .     b - +0 leather armour
rNeg   . . .     SustAt   .     (no shield)
rPois  .         Gourm    .     (no helmet)
rElec  .         Spirit   .     (no cloak)
rCorr  .         Warding  .     (no gloves)
rMut   .         Stasis   .     (no boots)
MR     .....                    (no amulet)
Stlth  ++........               l - ring of protection from fire
                                h - +4 ring of dexterity

@: infused, regenerating quickly, invisible, not resistant to hostile
enchantments, unstealthy
A: fangs 3, see invisible, unbreathing
a: no special abilities


You were on level 3 of the Dungeon.
You were very full.

You visited 1 branch of the dungeon, and saw 3 of its levels.

You collected 102 gold pieces.

Inventory:

Hand weapons
 a - a +0 short sword (weapon)
Armour
 b - a +0 leather armour (worn)
Jewellery
 h - a +4 ring of dexterity (left hand)
 l - a ring of protection from fire (right hand)
Scrolls
 e - 3 scrolls of identify {unknown}
 i - 2 scrolls of recharging {unknown}
 k - a scroll of random uselessness {unknown}
 m - 2 scrolls of amnesia {unknown}
 n - a scroll of enchant weapon {unknown}
 q - a scroll of enchant armour {unknown}
Potions
 d - a potion of blood
 f - a potion of agility {unknown}
 g - a potion of might {unknown}
 j - 3 potions of brilliance {unknown}
 o - 3 potions of curing {unknown}
 r - 3 potions of lignification {unknown}
Books
 c - a book of Battle

   Spells                             Type                      Level
   a - Infusion                       Charms                       1
   b - Shroud of Golubria             Charms/Translocation         2
   c - Song of Slaying                Charms                       2
   d - Spectral Weapon                Hexes/Charms                 3
   e - Regeneration                   Charms/Necromancy            3


   Skills:
 - Level 1.7 Fighting
 * Level 4.6 Short Blades
 - Level 0.7 Armour
 + Level 2.9 Dodging
 + Level 3.4 Spellcasting
 - Level 4.1 Charms


You had 8 spell levels left.
You knew the following spells:

 Your Spells              Type           Power        Failure   Level  Hunger
a - Infusion              Chrm           ##....       6%          1    #......
b - Shroud of Golubria    Chrm/Tloc      #.........   21%         2    ##.....


Dungeon Overview and Level Annotations

Branches:
Dungeon (3/15)

Altars:
Makhleb
Sif Muna

Annotations:
D:3 Grinder


Innate Abilities, Weirdness & Mutations

Your natural rate of healing is unusually fast.
You have razor-sharp teeth.
You have supernaturally acute eyesight.
You can survive without breathing.


Message History

Grinder is lightly wounded.
Grinder says, "Just stop there for a second..."
Grinder gestures at you.
You suddenly lose the ability to move!
Grinder gestures at you. Pain shoots through your body! Grinder hits you!
* * * LOW HITPOINT WARNING * * *
You writhe in agony.
* * * LOW HITPOINT WARNING * * *
Grinder hits you but does no damage.
You can move again.
Unknown command.
Drink which item? (? for menu, Esc to quit)
Okay, then.
Drink which item? (? for menu, Esc to quit)
You fade into invisibility!
Grinder says, "Tell me all your secrets, or I'll kill you."
Grinder hits you!
You die...

#.####.###.#
#........########
.....##.####.....#..
#### #.###.........
#.##..........
#.##.........<
#.##..........
#.##.......... #.
#@.........
##5........
##.....#..
#......###### #
....... .....5.
....... .......
.......


You could see Grinder.

Vanquished Creatures
  Sigmund (D:3)
  A hound (D:2)
  3 adders (D:2)
  3 giant geckos (D:1)
  An orc (D:2)
  4 bats
  3 hobgoblins
  9 jackals (D:2)
  A quokka (D:3)
  A ball python (D:3)
  3 giant cockroaches (D:1)
  14 giant newts
  8 goblins
  2 kobolds
  8 rats
62 creatures vanquished.

Notes
Turn   | Place    | Note
--------------------------------------------------------------
     0 | D:1      | HungrySpirit the Vampire Skald began the quest for the Orb.
     0 | D:1      | Reached XP level 1. HP: 16/16 MP: 3/3
   126 | D:1      | Reached XP level 2. HP: 17/22 MP: 5/5
   479 | D:1      | Reached XP level 3. HP: 23/27 MP: 6/6
   767 | D:2      | Found a deep blue altar of Sif Muna.
   927 | D:2      | Reached skill level 4 in Charms
  1071 | D:2      | Found a burning altar of Makhleb.
  1092 | D:2      | Reached XP level 4. HP: 17/33 MP: 6/8
  1174 | D:2      | Learned a level 2 spell: Shroud of Golubria
  1582 | D:3      | Noticed Sigmund
  1587 | D:3      | Found a faded altar to an unknown god.
  1596 | D:3      | Killed Sigmund
  1596 | D:3      | Reached XP level 5. HP: 36/38 MP: 0/10
  1699 | D:3      | Reached XP level 6. HP: 44/44 MP: 11/11
  1888 | D:3      | Noticed Grinder
  1895 | D:3      | Paralysed by Grinder for 3 turns
  1900 | D:3      | Slain by Grinder

Vault maps used:
D:1:      lightli_arrival_statuegarden, minmay_newt_pond
D:2:      makhleb_blood_cavern_becter, lemuel_round_altar, first_bread,
          minmay_misc_feat_chi, kennysheep_path_1
D:3:      ecumenical_altar_1, uniq_grinder, uniq_sigmund

Action                   |  1- 3 |  4- 6 || total
-------------------------+-------+-------++-------
Melee: Short sword       |   171 |    74 ||   245
 Cast: Infusion          |     2 |     2 ||     4
       Shroud of Golubri |       |     2 ||     2
  Use: Potion            |       |     1 ||     1
 Stab: Sleeping          |       |     1 ||     1
  Eat: Corpse            |    12 |     7 ||    19
